 Dungeon Crawl Stone Soup version 0.19.4-8-ga85b6b9 (webtiles) character file.

270 vatarom the Cudgeler (level 6, -2/47 HPs)
             Began as a Demonspawn Gladiator on Feb 12, 2017.
             Killed from afar by Natasha (9 damage)
             ... with a magic dart
             ... on level 3 of the Dungeon.
             The game lasted 00:07:21 (4276 turns).

vatarom the Cudgeler (Demonspawn Gladiator)         Turns: 4276, Time: 00:07:21

Health: -2/47      AC:  5    Str: 13 (15) XL:     6   Next: 1%
Magic:  6/6        EV: 18    Int:  8 (9)  God:
Gold:   115        SH:  0    Dex: 18 (21) Spells: 0 memorised, 5 levels left

rFire  . . .     SeeInvis .     g - +0 dagger (venom)
rCold  . . .     Gourm    .     b - +1 leather armour
rNeg   . . .     Faith    .     (no shield)
rPois  .         Spirit   .     (helmet restricted)
rElec  .         Reflect  .     c - +0 cloak
rCorr  .         Harm     .     (no gloves)
MR     .....                    (no boots)
Stlth  ++........               (no amulet)
                                (no ring)
                                (no ring)

@: agile
A: antennae 1, claws 1, powered by death 1
a: no special abilities


You were on level 3 of the Dungeon.
You were not hungry.

You visited 1 branch of the dungeon, and saw 3 of its levels.

You collected 115 gold pieces.

Inventory:

Hand Weapons
 a - a +0 flail
 g - a +0 dagger of venom (weapon)
Missiles
 d - 2 throwing nets (quivered)
Armour
 b - a +1 leather armour (worn)
 c - a +0 cloak (worn)
Jewellery
 e - an uncursed amulet of magic regeneration {unknown}
Wands
 n - a wand of lightning (6/15)
Scrolls
 k - a scroll of remove curse
Potions
 j - a potion of agility
 l - a potion of magic
 m - a potion of cure mutation
Comestibles
 f - a chunk of flesh
 h - 4 meat rations
 i - a bread ration


   Skills:
 * Level 3.6 Fighting
 - Level 4.6 Maces & Flails
 - Level 1.7 Throwing
 * Level 2.4 Armour
 - Level 2.6 Dodging


You had 5 spell levels left.
You didn't know any spells.

Dungeon Overview and Level Annotations

Branches:
Dungeon (3/15)

Altars:
Dithmenos

Annotations:
D:3 Natasha


Innate Abilities, Weirdness & Mutations

You have a pair of small antennae on your head.
You have sharp fingernails.
You regenerate a little health from kills.


Message History

* * * LOW HITPOINT WARNING * * *
You hit the white imp.
The white imp is severely wounded.
The white imp misses you.
You hit the white imp but do no damage.
The white imp looks even sicker.
The white imp is severely wounded.
You kill the white imp!
Natasha misses you.
You hit Natasha but do no damage.
Natasha is moderately wounded.
Natasha casts a spell at you. The magic dart hits you!
* * * LOW HITPOINT WARNING * * *
You hit Natasha but do no damage.
Natasha is poisoned.
Natasha is moderately wounded.
Natasha claws you.
* * * LOW HITPOINT WARNING * * *
Natasha casts a spell at you. The magic dart hits you!
You die...

#################################
................@.h55............
#########################....####
#.....# #....# #.###.# #....#
##########.###.### ###.##
.................# #.#
######.....#.###.# #.# ...#
#.#####.# #.## ######'##### ##.#
#.# #.# #..# #..........#


You could see Natasha, a crimson imp and a white imp.

Vanquished Creatures
  Jessica (D:3)
  Natasha (twice) (D:3)
  2 orc wizards (D:3)
  A worker ant (D:3)
  2 adders
  An ooze (D:1)
  4 worms
  2 dart slugs
  2 leopard geckos
  2 orcs (D:3)
  11 bats
  5 giant cockroaches
  12 hobgoblins
  7 kobolds
  A quokka (D:2)
  5 frilled lizards
  11 goblins
  12 rats
83 creatures vanquished.

Notes
Turn   | Place    | Note
-------+----------+-------------------------------------------
     0 | D:1      | vatarom the Demonspawn Gladiator began the quest for the Orb.
     0 | D:1      | Reached XP level 1. HP: 16/16 MP: 1/1
   104 | D:1      | Reached skill level 3 in Maces & Flails
   131 | D:1      | Gained mutation: You have a pair of small antennae on your head. [demonic ancestry]
   131 | D:1      | Reached XP level 2. HP: 17/22 MP: 2/2
   677 | D:1      | Reached XP level 3. HP: 26/27 MP: 3/3
   922 | D:1      | Reached skill level 4 in Maces & Flails
  1902 | D:2      | Found a shadowy altar of Dithmenos.
  1985 | D:2      | Gained mutation: You have sharp fingernails. [demonic ancestry]
  1985 | D:2      | Reached XP level 4. HP: 18/33 MP: 4/4
  3096 | D:3      | Noticed Natasha
  3299 | D:3      | Killed Natasha
  3299 | D:3      | Reached skill level 1 in Armour
  3338 | D:3      | Gained mutation: You regenerate a little health from kills. [demonic ancestry]
  3338 | D:3      | Reached XP level 5. HP: 34/39 MP: 5/5
  3459 | D:3      | Noticed Jessica
  3462 | D:3      | Noticed Natasha
  3470 | D:3      | Killed Jessica
  3475 | D:3      | Killed Natasha
  3821 | D:3      | Reached XP level 6. HP: 12/47 MP: 6/6
  4230 | D:3      | Noticed Natasha
  4276 | D:3      | Killed from afar by Natasha

Skill      XL: |  1  2  3  4  5 |
---------------+----------------+-----
Maces & Flails | 3 4 |  4.6
Armour         | 1 2 |  2.4
Fighting       | 3 |  3.6
Throwing       | |  1.7
Dodging        | |  2.6

Action                   |  1- 3 |  4- 6 || total
-------------------------+-------+-------++-------
Melee: Flail             |   179 |    33 ||   212
       Dagger            |       |   136 ||   136
       Unarmed           |       |    13 ||    13
Throw: Throwing net      |       |     1 ||     1
  Use: Scroll            |     7 |     4 ||    11
       Potion            |     1 |     5 ||     6
  Eat: Bread ration      |     1 |       ||     1
       Fruit             |       |     3 ||     3
       Chunk             |       |     3 ||     3
       Beef jerky        |       |     1 ||     1
Armor: Leather armour    |    77 |    37 ||   114
Dodge: Dodged            |   160 |    87 ||   247
